 Dungeon Crawl Stone Soup version 0.27-a0-1500-g450c7e4133 (webtiles) character file.

Game seed: 9864589653157900527

1572 Ge0ff the Grave Robber (level 8, 0/55 (60) HPs)
             Began as a Barachi Necromancer on July 7, 2021.
             Was a Believer of Dithmenos.
             Slain by a wight (3 damage)
             ... on level 6 of the Dungeon.
             The game lasted 00:27:09 (9126 turns).

Ge0ff the Grave Robber (Barachi Necromancer)        Turns: 9126, Time: 00:27:09

HP:   0/55 (60)     AC:  7    Str:  9    XL:     8   Next: 90%
MP:   14/14         EV:  9    Int: 18    God:    Dithmenos [**....]
Gold: 207           SH:  0    Dex: 15    Spells: 11/15 levels left

rFire    . . .     SeeInvis .   a - +3 falchion
rCold    . . .     Faith    .   (no shield)
rNeg     . . .     Spirit   .   R - +1 scale mail "Pesezech" {Fly Dex+2}
rPois    .         Reflect  .   (no helmet)
rElec    .         Harm     .   (no cloak)
rCorr    +         Rampage  .   (no gloves)
Will     .....                  (no boots)
Stlth    +.........             (no amulet)
HPRegen  0.18/turn              N - ring of resist corrosion
MPRegen  0.14/turn              (no ring)

@: flying, wreathed by umbra, drained, slow
A: amphibious, slowness 1, strong legs 1, +LOS
a: Hop, Renounce Religion, Shadow Step


You were on level 6 of the Dungeon.
You worshipped Dithmenos.
Dithmenos was pleased with you.
You visited 1 branch of the dungeon, and saw 6 of its levels.

You collected 251 gold pieces.
You spent 44 gold pieces at shops.

Inventory:

Hand Weapons
 a - a +3 falchion (weapon)
 b - a +1 dagger of draining
 U - a +0 short sword
 W - the +5 whip "Ovucs" {antimagic, rCorr}
   (You found it on level 6 of the Dungeon)

   It reduces the magical energy of the wielder, and disrupts the spells and
   magical abilities of those hit.
   Natural abilities and divine invocations are not affected.
   rCorr:     It protects you from acid and corrosion.
Missiles
 e - 165 stones (quivered)
 V - 15 poisoned darts
Armour
 c - a +0 chain mail
 Q - a +0 leather armour
 R - the +1 scale mail "Pesezech" (worn) {Fly Dex+2}
   (You found it on level 5 of the Dungeon)

   Dex:       It affects your dexterity (+2).
   Fly:       It grants you flight.
 S - a +0 kite shield
Jewellery
 N - a ring of resist corrosion (left hand)
Wands
 d - a wand of digging (8)
 k - a wand of iceblast (8)
Scrolls
 m - 2 scrolls of magic mapping
 u - a scroll of holy word
 y - a scroll of immolation
 E - a scroll of fear
 J - a scroll of silence {!r}
 M - a scroll of torment {unknown}
 O - a scroll of enchant armour {unknown}
 P - 2 scrolls of amnesia
 T - 3 scrolls of teleportation
 Z - 3 scrolls of enchant weapon
Potions
 z - 2 potions of brilliance
 A - a potion of attraction
 X - a potion of flight
 Y - a potion of cancellation {unknown}


   Skills:
 - Level 4.0 Fighting
 * Level 5.9 Long Blades
 - Level 3.0 Armour
 - Level 3.0 Dodging
 - Level 2.0 Stealth
 - Level 4.0 Spellcasting
 * Level 7.2 Necromancy
 - Level 3.0 Evocations


You had 11 spell levels left.
You knew the following spells:

 Your Spells              Type           Power      Damage    Failure   Level
k - Pain                  Necr           100%       1d9       5%          1
C - Vampiric Draining     Necr           14%        2d8       17%         3

Your spell library contained the following spells:

 Spells                   Type           Power      Damage    Failure   Level
 Animate Skeleton         Necr           58%        N/A       5%          1
 Animate Dead             Necr           14%        N/A       50%         4
 Agony                    Necr           29%        N/A       83%         5
 Slow                     Hex            3%         N/A       86%         2
 Confusing Touch          Hex            3%         N/A       97%         3
 Dazzling Flash           Conj/Hex       6%         N/A       97%         3
 Iskenderun's Mystic Bla  Conj/Tloc      3%         2d3       100%        4
 Yara's Violent Unravell  Hex/Tmut       1%         3d3       100%        5
 Starburst                Conj/Fire      1%         8x6d3     100%        6


Dungeon Overview and Level Annotations

Branches:
Dungeon (6/15)             Temple (0/1) D:6

Altars:
Dithmenos
Fedhas
Gozag

Shops:
D:2 (   D:3 !

Annotations:
D:3 1 runed translucent door, Crazy Yiuf, Grinder
D:4 exclusion: phantom
D:6 1 runed translucent door, exclusion: player ghost, Deep1's ghost, novice DECj; Pikel


Innate Abilities, Weirdness & Mutations

You are amphibious.
You cover ground slowly.
You can hop short distances.
You have an extended range of vision and can be seen from far away.


Message History

e - 169 stones (gained 1)
e - 170 stones (gained 1)
A wight comes into view. It is wielding a +2 dire flail.
You throw a stone.
The stone hits the wight but does no damage.
You throw a stone. The stone barely misses the wight.
You throw a stone.
The stone hits the wight but does no damage.
You throw a stone.
The stone hits the wight but does no damage.
You throw a stone. The stone closely misses the wight.
You hit the wight but do no damage.
The wight hits you with a +2 dire flail!
You hit the wight but do no damage.
The wight hits you with a +2 dire flail.
You hit the wight.
The wight is lightly damaged.
The wight closely misses you.
You hit the wight.
The wight is moderately damaged.
The wight barely misses you.
You riposte.
You hit the wight.
The wight is heavily damaged.
You hit the wight.
The wight is severely damaged.
The wight hits you but does no damage.
You hit the wight.
The wight is almost destroyed.
The wight hits you with a +2 dire flail!
You barely miss the wight.
The wight is almost destroyed.
The wight hits you with a +2 dire flail!
You feel drained.
You hit the wight but do no damage.
The wight is almost destroyed.
The wight closely misses you.
You hit the wight but do no damage.
The wight is almost destroyed.
The wight hits you with a +2 dire flail!
* * * LOW HITPOINT WARNING * * *
You feel drained.
* * * LOW HITPOINT WARNING * * *
You hit the wight but do no damage.
The wight is almost destroyed.
The wight barely misses you.
You hit the wight but do no damage.
The wight is almost destroyed.
The wight hits you with a +2 dire flail!
* * * LOW HITPOINT WARNING * * *
You feel drained.
You die...

#.P>P.####.#...##.## #..P..#
#.#.......## #..P..#
##^..#.......
###.#####..####....#.
#.####.....##....## ## #
#......###.##....#
....#.######.##### #.########
.........###.# #.##......
....(.(.((.z@#######.##.#####
.........##..†............#
.........##....)<...#######
.........##........##.#C§
......#####...........+W§
.....# #........##.#§§ .....
#........###### ....
########## ....


You could see a wight.

Vanquished Creatures
  Sigmund (D:3)
  2 ice beasts (D:5)
  A necrophage (D:6)
  A centaur (D:5)
  2 phantoms (D:5)
  2 scorpions
  A water moccasin skeleton (D:5)
  A wight (D:6)
  A jelly (D:6)
  An orc priest (D:3)
  A hound (D:5)
  3 bullfrog skeletons
  8 iguanas
  Ijyb (D:3)
  2 orc wizards
  2 howler monkey zombies (D:5)
  8 gnolls
  7 adders
  A howler monkey skeleton (D:5)
  A worm (D:2)
  3 dart slugs
  6 orcs
  4 bats
  6 endoplasms
  A giant cockroach (D:1)
  A goblin (D:2)
  7 hobgoblins
  6 jackals
  5 kobolds
  3 quokkas
  10 ball pythons
  3 frilled lizards
  8 rats
110 creatures vanquished.

Vanquished Creatures (others)
  A plant (D:1)
1 creature vanquished.

Grand Total: 111 creatures vanquished

Notes
Turn   | Place    | Note
-------+----------+-------------------------------------------
     0 | D:1      | Ge0ff the Barachi Necromancer began the quest for the Orb.
     0 | D:1      | Reached XP level 1. HP: 13/13 MP: 3/3
   109 | D:1      | Reached skill level 1 in Fighting
   341 | D:1      | Reached XP level 2. HP: 14/21 MP: 3/5
  1101 | D:1      | Reached skill level 4 in Necromancy
  1101 | D:1      | Reached XP level 3. HP: 20/27 MP: 2/6
  1278 | D:2      | Found a faded altar of an unknown god.
  1285 | D:2      | Became a worshipper of Dithmenos the Shadowed
  1285 | D:2      | Reached * piety under Dithmenos
  1340 | D:2      | Found Icvim's Antique Weapon Shoppe.
  1517 | D:2      | Learned a level 3 spell: Vampiric Draining
  2728 | D:3      | Reached ** piety under Dithmenos
  2777 | D:3      | Found an opulent altar of Gozag.
  2790 | D:3      | Reached XP level 4. HP: 31/33 MP: 5/8
  2879 | D:3      | Noticed Sigmund
  3406 | D:3      | Found a runed translucent door.
  3407 | D:3      | Noticed Crazy Yiuf
  3498 | D:3      | Noticed Grinder
  3506 | D:3      | Found Lylijypn's Distillery.
  3571 | D:3      | Bought a potion of degeneration for 11 gold pieces
  3571 | D:3      | Bought a potion of curing for 33 gold pieces
  3902 | D:3      | Reached skill level 5 in Necromancy
  3902 | D:3      | Reached XP level 5. HP: 16/38 MP: 2/9
  4272 | D:3      | Noticed Ijyb
  4284 | D:3      | Killed Ijyb
  4373 | D:4      | Reached XP level 6. HP: 43/44 MP: 4/11
  4449 | D:3      | Killed Sigmund
  4450 | D:3      | Reached skill level 6 in Necromancy
  4450 | D:3      | Reached skill level 1 in Evocations
  4772 | D:4      | Reached XP level 7. HP: 49/50 MP: 10/13
  5290 | D:4      | Found a blossoming altar of Fedhas.
  5576 | D:4      | Reached skill level 1 in Armour
  5824 | D:4      | You fall into a shaft and drop 2 floors!
  5832 | D:6      | Reached skill level 1 in Long Blades
  5864 | D:6      | Noticed Pikel
  5877 | D:6      | Found a staircase to the Ecumenical Temple.
  5881 | D:6      | Identified the +5 whip "Ovucs" {antimagic, rCorr}
  5889 | D:5      | Entered Level 5 of the Dungeon
  5894 | D:5      | Identified the +1 scale mail "Pesezech" {Fly Dex+2}
  7136 | D:5      | Reached XP level 8. HP: 28/58 MP: 4/14
  7596 | D:5      | Reached skill level 7 in Necromancy
  8054 | D:5      | Reached skill level 5 in Long Blades
  9006 | D:6      | Found a runed translucent door.
  9009 | D:6      | Noticed Deep1's ghost (novice DECj)
  9010 | D:6      | Noticed a cyclops
  9126 | D:6      | Slain by a wight

Illustrated notes

Levels and vault maps discovered:
D:1:      psy_arrival_terrarium, layout_basic, moated_statue,
          serial_bayou_pond_c, hangedman_decor_peaks_small,
          minmay_split_cup_small
D:2:      layout_basic, basic_ecumenical_altar, serial_shops, shop,
          minmay_tripent
D:3:      layout_rooms, mainiacjoe_overflow_tiny_flanked, serial_shops,
          nicolae_shop_stone, glass_columns_a, uniq_grinder,
          uniq_crazy_yiuf_cottage, uniq_ijyb, uniq_sigmund
D:4:      layout_loops_ring, mainiacjoe_overflow_chevrons, serial_forest,
          infiniplex_forest_lined_corner, infiniplex_forest_lined_2,
          infiniplex_forest_lined_corner, infiniplex_forest_end_3
D:5:      layout_loops_corners, minmay_fractal_squares_5
D:6:      layout_rooms, minmay_temple_entry_overgrown,
          ebering_ghost_inner_flame, hangedman_decor_slide_cut, uniq_pikel

Skill      XL: |  1  2  3  4  5  6  7  8 |
---------------+-------------------------+-----
Fighting       | 1 2 3 4 |  4.0
Necromancy     | 4 5 6 7 |  7.2
Spellcasting   | 3 4 |  4.0
Evocations     | 2 3 |  3.0
Armour         | 2 3 |  3.0
Long Blades    | 3 5 |  5.9
Stealth        | 2 |  2.0
Dodging        | 3 |  3.0

Action                   |  1- 3 |  4- 6 |  7- 9 || total
-------------------------+-------+-------+-------++-------
Melee: Unarmed           |    17 |       |       ||    17
       Dagger            |    32 |    33 |    36 ||   101
       Falchion          |       |       |   173 ||   173
Throw: Stone             |    26 |     8 |    20 ||    54
       Dart              |       |     2 |     3 ||     5
 Cast: Pain              |    58 |    27 |    58 ||   143
       Vampiric Draining |       |     8 |    14 ||    22
 Abil: Hop               |       |     1 |     1 ||     2
Evoke: Wand              |       |     3 |       ||     3
  Use: Scroll            |     4 |     3 |     6 ||    13
       Potion            |       |     2 |     3 ||     5
 Stab: Sleeping          |       |     1 |     1 ||     2
       Distracted        |       |       |     1 ||     1
Armor: Robe              |    16 |     2 |     7 ||    25
       Leather armour    |       |       |    17 ||    17
       Scale mail        |       |       |    22 ||    22
Dodge: Dodged            |    49 |    29 |   132 ||   210
       Rpst.: Falchion   |       |       |    36 ||    36

Table legend: (Time is in decaauts)
 A = Elapsed time spent in this place.
 B = Non-inter-level travel time spent in this place.
 C = Inter-level travel time spent in this place.
 D = Time resting spent in this place.
 E = Time spent auto-exploring this place.
 F = Levels seen in this place.
 G = Mean time per level.
                   A        B        C        D        E       F      G
               +--------+--------+--------+--------+--------+-----+--------+
         Total |  10016 |   9699 |    317 |   3185 |   3848 |   6 | 1669.3 |
       Dungeon |  10016 |   9699 |    317 |   3185 |   3848 |   6 | 1669.3 |
               +--------+--------+--------+--------+--------+-----+--------+

Top non-repeatable levels by time:
     D:5: 2429 daAuts
     D:3: 1822 daAuts
     D:2: 1768 daAuts
     D:4: 1585 daAuts
     D:1: 1456 daAuts
     D:6: 952 daAuts
